 Dungeon Crawl Stone Soup version 0.30-a0-883-g5ad918d77d (webtiles) character file.

Game seed: 8641228319592282787

110 FexLirch the Cutter (level 5, -5/30 HPs)
             Began as a Kobold Brigand on Mar 17, 2023.
             Killed from afar by an orc wizard (7 damage)
             ... with a magic dart
             ... on level 3 of the Dungeon.
             The game lasted 00:04:07 (2146 turns).

FexLirch the Cutter (Kobold Brigand)                Turns: 2146, Time: 00:04:07

Health: -5/30      AC:  3    Str:  9    XL:     5   Next: 14%
Magic:  5/5        EV: 14    Int: 12    God:
Gold:   35         SH:  0    Dex: 18    Spells: 4/4 levels left

rFire   . . .      SeeInvis .    a - +2 dagger
rCold   . . .      Faith    .    (no shield)
rNeg    . . .      Spirit   .    b - +0 robe
rPois   .          Reflect  .    (no helmet)
rElec   .          Rampage  .    c - +0 cloak
rCorr   .                        (no gloves)
Will    .....                    (no boots)
Stlth   ++++                     (no amulet)
HPRegen 0.25/turn                (no ring)
MPRegen 0.09/turn                (no ring)

@: no status effects
A: small, no large weapons, nightstalker 3
a: no special abilities


You were on level 3 of the Dungeon.
You visited 1 branch of the dungeon, and saw 4 of its levels.

You collected 136 gold pieces.
You spent 101 gold pieces at shops.

Inventory:

Hand Weapons
 a - a +2 dagger (weapon)
Missiles
 d - 9 poisoned darts (quivered)
 e - 3 curare-tipped darts
 g - 11 stones
Armour
 b - a +0 robe (worn)
 c - a +0 cloak (worn)
Wands
 q - a wand of flame (27)
Scrolls
 i - 3 scrolls of teleportation
 j - 2 scrolls of poison
 l - a scroll of silence {unknown}
 m - 2 scrolls of fear
 n - a scroll of noise {unknown}
Potions
 f - a potion of mutation {unknown}
 h - 2 potions of curing
 k - a potion of haste
 o - 2 potions of degeneration
 p - a potion of resistance {unknown}
 r - a potion of heal wounds


   Skills:
 - Level 2.1 Fighting
 * Level 6.0 Short Blades
 - Level 2.1 Throwing
 - Level 1.2 Dodging
 + Level 6.0 Stealth


You had 4 spell levels left.
You didn't know any spells.
Your spell library contained the following spells:

 Spells                   Type           Power      Damage    Failure   Level
 Sandblast                Erth           0%         2d4       32%         1
 Passwall                 Tmut/Erth      0%         N/A       45%         2
 Gell's Gravitas          Tloc           0%         N/A       69%         3
 Stone Arrow              Conj/Erth      0%         3d7       69%         3
 Teleport Other           Tloc           0%         N/A       69%         3
 Fireball                 Conj/Fire      0%         3d3       100%        5
 Freezing Cloud           Conj/Ice/Air   0%         6-21      100%        5
 Iskenderun's Battlesphe  Conj           0%         2d6       100%        5
 Conjure Ball Lightning   Conj/Air       0%         3x3d6     100%        6
 Dispersal                Tloc           0%         N/A       100%        6
 Simulacrum               Ice/Necr       0%         N/A       100%        6
 Orb of Destruction       Conj           0%         9d5       100%        7
 Polar Vortex             Ice            0%         N/A       100%        9


Dungeon Overview and Level Annotations

Branches:
Dungeon (4/15)
 Temple: D:4-7

Altars:
Okawaru

Shops:
D:3 ??!


Innate Abilities, Weirdness & Mutations

You are small and have problems with some larger weapons.
You are completely attuned to the shadows.


Message History

You kill the orc!
There are monsters nearby!
An orc comes into view. It is wielding a +0 hand axe.
The orc wizard casts a spell at you. The magic dart hits you.
Things that are here:
a +0 flail; a +0 leather armour You hit the orc wizard.
The orc wizard is moderately wounded.
The orc wizard barely misses you.
You barely miss the orc wizard.
The orc wizard is moderately wounded.
You completely miss the orc wizard.
The orc wizard is moderately wounded.
The orc wizard misses you.
You closely miss the orc wizard.
The orc wizard is moderately wounded.
The orc wizard hits you with a +1 dagger of electrocution.
You closely miss the orc wizard.
The orc wizard is moderately wounded.
The orc shouts! x2; You hear a shout!
You barely miss the orc wizard.
The orc wizard is moderately wounded.
A goblin comes into view. It is wielding a +0 club.
The orc wizard casts a spell at you. You resist with some effort.
You hit the orc wizard but do no damage.
The orc wizard is moderately wounded.
The orc wizard gestures at you while chanting.
You resist with some effort.
You barely miss the orc wizard.
The orc wizard is moderately wounded.
The orc wizard attacks as you move away!
The orc wizard hits you with a +1 dagger of electrocution.
You are electrocuted!
Ouch! That really hurt!
* * * LOW HITPOINT WARNING * * *
The orc wizard gestures at you while chanting.
The magic dart hits you!
You die...

### #######
########.#######......
..oo)@).#........#####
...o####.#########
#.g. #.# .#.. #.#
##### ##. ... ...#
#..# ##.# #..# #...
#..##########..#
##..#...........#


You could see an orc wizard, 2 orcs and a goblin.

Vanquished Creatures
  An orc priest (D:3)
  An adder (D:3)
  2 worms
  6 orcs (D:3)
  6 ball pythons
  4 endoplasms
  A giant cockroach (D:4)
  5 goblins
  3 hobgoblins
  8 jackals
  3 quokkas
  5 bats
  2 frilled lizards (D:1)
  4 kobolds
  4 rats
55 creatures vanquished.

Notes
Turn   | Place    | Note
-------+----------+-------------------------------------------
     0 | D:1      | FexLirch the Kobold Brigand began the quest for the Orb.
     0 | D:1      | Reached XP level 1. HP: 12/12 MP: 1/1
   142 | D:1      | Reached XP level 2. HP: 17/17 MP: 2/2
   697 | D:1      | Reached XP level 3. HP: 21/21 MP: 3/3
  1208 | D:2      | Reached skill level 5 in Short Blades
  1262 | D:2      | You fall into a shaft and drop 2 floors!
  1403 | D:3      | Found an iron altar of Okawaru.
  1424 | D:3      | Reached XP level 4. HP: 24/26 MP: 4/4
  1550 | D:3      | Found Harchoj's Magic Scroll Emporium.
  1590 | D:3      | Reached XP level 5. HP: 6/30 MP: 5/5
  1693 | D:3      | Bought a scroll of identify for 24 gold pieces
  1716 | D:3      | Found Sasoetz's Magic Scroll Emporium.
  1719 | D:3      | Bought a scroll of identify for 22 gold pieces
  1862 | D:3      | Found Kyexamoj's Distillery.
  1868 | D:3      | Bought a potion of heal wounds for 55 gold pieces
  2146 | D:3      | Killed from afar by an orc wizard

Illustrated notes

Levels and vault maps discovered:
D:1:      wander_arrival_lonely_grave, layout_loops_corners,
          serial_bayou_pond_a, dk_noncrumbling_2
D:2:      layout_loops_ring, serial_shops,
          nicolae_shop_competitors_out_of_business, basic_altar,
          minmay_stone_trees_small, kennysheep_generic_room_11, uniq_natasha,
          uniq_jessica
D:3:      layout_loops_ring, mainiacjoe_overflow_catwalk, serial_shops,
          nicolae_shop_stone, nicolae_shop_advertising_works
          [nicolae_subvault_shop_adworks], shop_statue,
          chequers_serial_rivers_large_b, minmay_randomly_rotated_circles
D:4:      layout_gridville, grunt_tough_drop

Skill      XL: |  1  2  3  4  5 |
---------------+----------------+-----
Short Blades   | 3 4 5 6 |  6.0
Stealth        | 6 |  6.0
Fighting       | |  2.1
Throwing       | |  2.1
Dodging        | |  1.2

Action                     |  1- 3 |  4- 6 || total
---------------------------+-------+-------++-------
  Melee: Dagger            |   131 |    81 ||   212
         Punch             |     1 |       ||     1
    Use: Scroll            |       |     6 ||     6
   Stab: Sleeping          |    15 |     5 ||    20
         Distracted        |     1 |       ||     1
 Armour: Robe              |    15 |     4 ||    19
  Dodge: Dodged            |    78 |    37 ||   115

Table legend: (Time is in decaauts)
 A = Elapsed time spent in this place.
 B = Non-inter-level travel time spent in this place.
 C = Inter-level travel time spent in this place.
 D = Time resting spent in this place.
 E = Time spent auto-exploring this place.
 F = Levels seen in this place.
 G = Mean time per level.
                   A        B        C        D        E       F      G
               +--------+--------+--------+--------+--------+-----+--------+
         Total |   2123 |   2060 |     63 |     57 |   1532 |   4 |  530.8 |
       Dungeon |   2123 |   2060 |     63 |     57 |   1532 |   4 |  530.8 |
               +--------+--------+--------+--------+--------+-----+--------+

Top non-repeatable levels by time:
     D:1: 1100 daAuts
     D:3: 794 daAuts
     D:2: 139 daAuts
     D:4: 88 daAuts
